 Dungeon Crawl Stone Soup version 0.17-a0-2171-ga91b4ec (webtiles) character file.

37 nicanaca0 the Digger (level 3, 0/19 HPs)
             Began as a Gargoyle Earth Elementalist on Oct 25, 2015.
             Slain by a gnoll (7 damage)
             ... on level 2 of the Dungeon.
             The game lasted 00:03:28 (1197 turns).

nicanaca0 the Digger (Gargoyle Earth Elementalist)  Turns: 1197, Time: 00:03:29

Health: 0/19       AC:  7    Str: 11    XL:     3   Next: 41%
Magic:  1/6        EV: 12    Int: 16    God:
Gold:   60         SH:  0    Dex: 10    Spells: 2 memorised, 3 levels left

rFire  . . .     SeeInvis .     g - +0 dagger (elec)
rCold  . . .     Clarity  .     b - +0 robe
rNeg   + . .     SustAt   .     (no shield)
rPois  ∞         Gourm    .     (no helmet)
rElec  +         Spirit   .     (no cloak)
rCorr  .         Warding  .     (no gloves)
rMut   .         Stasis   .     (no boots)
MR     .....                    (no amulet)
Stlth  ++........               (no ring)
                                (no ring)

@: stone skin, not resistant to hostile enchantments, unstealthy
A: negative energy resistance 1, electricity resistance, unbreathing,
petrification resistance, rot immunity, AC +3
a: no special abilities


You were on level 2 of the Dungeon.
You were not hungry.

You visited 1 branch of the dungeon, and saw 2 of its levels.

You collected 60 gold pieces.

Inventory:

Hand Weapons
 g - a +0 dagger of electrocution (weapon)
Missiles
 a - 87 stones (quivered)
Armour
 b - a +0 robe (worn)
Jewellery
 r - an uncursed ring of magical power {unknown}
Scrolls
 e - 7 scrolls of identify {unknown}
 h - 2 scrolls of enchant weapon {unknown}
 j - a scroll of amnesia {unknown}
 k - a scroll of immolation {unknown}
 o - a scroll of recharging {unknown}
 q - 3 scrolls of teleportation {unknown}
Potions
 i - 2 potions of curing {unknown}
 l - a potion of degeneration {unknown}
 m - 2 potions of brilliance {unknown}
 n - a potion of flight {unknown}
Books
 c - a book of Geomancy

   Spells                             Type                      Level
   a - Sandblast                      Earth                        1
   b - Stoneskin                      Transmutation/Earth          2
   c - Passwall                       Transmutation/Earth          3
   d - Stone Arrow                    Conjuration/Earth            3
   e - Petrify                        Transmutation/Earth          4
   f - Lee's Rapid Deconstruction     Earth                        5
Comestibles
 d - 3 bread rations
 f - a meat ration
 p - 7 chunks of flesh


   Skills:
 - Level 1.5 Dodging
 - Level 2.1 Stealth
 - Level 2.0 Spellcasting
 - Level 0.7 Transmutations
 + Level 5.2 Earth Magic


You had 3 spell levels left.
You knew the following spells:

 Your Spells              Type           Power        Failure   Level  Hunger
a - Sandblast             Erth           ###...       2%          1    #......
b - Stoneskin             Trmt/Erth      ##......     10%         2    ###....


Dungeon Overview and Level Annotations

Branches:
Dungeon (2/15)

Altars:


Innate Abilities, Weirdness & Mutations

You are resistant to torment.
Your stone body is resilient (AC +3).
You are immune to poison.
You resist negative energy.
You are resistant to electric shocks.
You can survive without breathing.
You are immune to petrification.
You are immune to rotting.


Message History

Confirm with . or Enter, or press ? or * to list all spells.
Aiming: Sandblast
Press: ? - help, Shift-Dir - straight line, f/p - gnoll
Aim: a gnoll (lightly wounded)
The blast of sand hits the gnoll.
The gnoll is severely wounded.
The gnoll hits you.
You hit the gnoll but do no damage.
The gnoll is severely wounded.
The gnoll hits you.
A rat comes into view.
Casting: Sandblast
Confirm with . or Enter, or press ? or * to list all spells.
Aiming: Sandblast
Press: ? - help, Shift-Dir - straight line, f/p - gnoll
Aim: a gnoll (severely wounded)
The blast of sand hits the gnoll.
The gnoll is severely wounded.
The gnoll hits you!
You die...

## #...........#....#...#.#
# #....................#.#
#
#....................#.####
#..........................
#...................##.####
#...................+..#
#####'###..#..>.....####
#.# ##>########## #.# #@#
#.# #g# #########.# #.#
#.........####g#
#...............
#...............g
###.................
.....)............r..
###...............(...


You could see 2 gnolls and a rat.

Vanquished Creatures
  An adder (D:2)
  2 ball pythons (D:1)
  6 bats (D:1)
  2 giant cockroaches
  2 goblins
  4 hobgoblins
  A giant newt (D:1)
  5 kobolds
  3 rats (D:2)
26 creatures vanquished.

Notes
Turn   | Place    | Note
--------------------------------------------------------------
     0 | D:1      | nicanaca0 the Gargoyle Earth Elementalist began the quest for the Orb.
     0 | D:1      | Reached XP level 1. HP: 10/10 MP: 3/3
   107 | D:1      | Reached skill level 4 in Earth Magic
   136 | D:1      | Reached XP level 2. HP: 15/15 MP: 1/5
   263 | D:1      | Learned a level 2 spell: Stoneskin
   924 | D:2      | Reached XP level 3. HP: 16/19 MP: 6/6
   925 | D:2      | Reached skill level 5 in Earth Magic
  1050 | D:2      | Found a faded altar to an unknown god.
  1197 | D:2      | Slain by a gnoll

Vault maps used:
D:1:      lemuel_arrival_cross
D:2:      first_bread, ecumenical_altar_1, uniq_jessica

Action                   || total
-------------------------++-------
Melee: Dagger            ||    37
Throw: Stone             ||     3
 Cast: Sandblast         ||    28
       Stoneskin         ||     1
 Stab: Sleeping          ||     1
  Eat: Chunk             ||     1
